 Dungeon Crawl Stone Soup version 0.29.0-11-gd7f09526c8 (webtiles) character file.

Game seed: 13636776078261542944

236 RKaid the Shooter (level 5, 0/42 HPs)
             Began as a Deep Elf Hunter on Sept 3, 2022.
             Was a Follower of Hepliaklqana.
             Succumbed to a scorpion's poison
             ... on level 5 of the Dungeon.
             The game lasted 00:09:34 (3604 turns).

RKaid the Shooter (Deep Elf Hunter)                 Turns: 3604, Time: 00:09:35

Health: 0/42       AC: 22    Str:  8    XL:     5   Next: 77%
Magic:  7/7        EV:  2    Int: 14    God:    Hepliaklqana [*.....]
Gold:   237        SH:  0    Dex: 26    Spells: 4/4 levels left

rFire   . . .      SeeInvis .   a - +0 shortbow
rCold   + . .      Faith    .   (shield currently unavailable)
rNeg    . . .      Spirit   .   (body armour currently unavailable)
rPois   +          Reflect  .   (helmet currently unavailable)
rElec   .          Harm     .   (cloak currently unavailable)
rCorr   .          Rampage  .   (gloves currently unavailable)
Will    .....      NoTele   +   (boots currently unavailable)
Stlth   ++........              d - amulet of magic regeneration {+MPregen}
HPRegen 0.14/turn               h - +6 ring of dexterity
MPRegen 0.50/turn               u - ring of protection from cold {rC+}

@: mighty, lethally poisoned (0 -> -9), tree-form
A: stationary, stasis, torment immunity, boosted hp, reduced essence
a: Renounce Religion, Recall Ancestor, Ancestor Identity


You were on level 5 of the Dungeon.
You worshipped Hepliaklqana.
Hepliaklqana was aware of your devotion.
You were a tree.
You visited 2 branches of the dungeon, and saw 8 of its levels.

You collected 237 gold pieces.

Inventory:

Hand Weapons
 a - a +0 shortbow (weapon)
 q - a +1 dagger of holy wrath
   (You took it off a goblin on level 2 of the Dungeon)
 y - the +1 hammer of the Gazing Oracle {venom, Contam rPois rCorr MP+9}
   (You found it on level 3 of the Dungeon)

   It poisons the flesh of those it strikes.
   rPois:     It protects you from poison.
   MP:        It affects your magic capacity (+9).
   Contam:    It causes magical contamination when unequipped.
   rCorr:     It protects you from acid and corrosion.
Missiles
 l - a throwing net {=f}
Armour
 i - a +0 pair of gloves (melded)
   (You found it on level 7 of the Dungeon)
 j - a +0 leather armour (melded)
 k - a +1 helmet (melded)
   (You took it off Robin on level 2 of the Dungeon)
 C - a +0 cloak (melded)
   (You found it on level 4 of the Dungeon)
 D - a +0 pair of boots (melded)
   (You found it on level 4 of the Dungeon)
Magical Staves
 v - a staff of cold {rC+}
   (You found it on level 2 of the Dungeon)
Jewellery
 d - an amulet of magic regeneration (around neck) {+MPregen}
   (You found it on level 1 of the Dungeon)
 h - a +6 ring of dexterity (left branch)
   (You found it on level 1 of the Dungeon)
 u - a ring of protection from cold (right branch) {rC+}
   (You found it on level 2 of the Dungeon)
 z - a ring of positive energy {rN+}
   (You found it on level 4 of the Dungeon)
Wands
 m - a wand of flame (29)
   (You found it on level 6 of the Dungeon)
 o - a wand of iceblast (8)
   (You found it on level 2 of the Dungeon)
Scrolls
 b - a scroll of immolation {!r}
 e - 2 scrolls of enchant armour
 f - a scroll of amnesia {unknown}
 g - a scroll of enchant weapon {unknown}
 t - a scroll of teleportation
 w - a scroll of summoning {unknown}
 B - a scroll of vulnerability {unknown}
Potions
 n - a potion of flight
 p - a potion of haste
 r - a potion of resistance {unknown}
 A - a potion of brilliance


   Skills:
 + Level 2.8 Fighting
 * Level 7.6 Ranged Weapons
 + Level 4.1 Dodging
 - Level 1.2 Stealth


You had 4 spell levels left.
You didn't know any spells.
Your spell library contained the following spells:

 Spells                   Type           Power      Damage    Failure   Level
 Magic Dart               Conj           0%         1d3       28%         1
 Call Imp                 Summ           0%         N/A       41%         2
 Mephitic Cloud           Conj/Pois/Air  0%         N/A       65%         3
 Portal Projectile        Hex/Tloc       0%         N/A       65%         3
 Tukima's Dance           Hex            0%         N/A       65%         3
 Blade Hands              Tmut           0%         N/A       100%        5


Dungeon Overview and Level Annotations

Branches:
Dungeon (7/15)             Temple (1/1) D:4

Altars:
Cheibriados
Dithmenos
Fedhas
Gozag
Hepliaklqana
Kikubaaqudgha
Makhleb
Nemelex Xobeh
Qazlal
Ru
Sif Muna
Trog
Uskayaw
Vehumet
Wu Jian
Xom
Yredelemnul
Zin
The Shining One

Shops:
D:4 *

Annotations:
D:3 1 runed translucent door, Crazy Yiuf


Message History

Press: ? - help, Q - select action Shift-Dir - straight line, f/p - ice beast
Aim: an ice beast (heavily wounded, ally target, 69% to hit)
You shoot an arrow. The arrow hits the ice beast.
The ice beast barely misses you.
Lews Therin closely misses the ice beast.
Fire: a) +0 shortbow
Press: ? - help, Q - select action Shift-Dir - straight line, f/p - ice beast
Aim: an ice beast (heavily wounded, ally target, 69% to hit)
You shoot an arrow. The arrow hits the ice beast.
The ice beast hits you. The ice beast freezes you. You resist.
* * * LOW HITPOINT WARNING * * *
Lews Therin hits the ice beast.
Okay, then.
You feel better. The ice beast barely misses you.
Lews Therin barely misses the ice beast.
It was a potion of flight.
You feel very buoyant.
You fly up into the air.
The ice beast barely misses you.
Lews Therin closely misses the ice beast.
It was a potion of brilliance.
You feel clever all of a sudden. The ice beast hits you.
* * * LOW HITPOINT WARNING * * *
The ice beast freezes you! You resist.
* * * LOW HITPOINT WARNING * * *
Lews Therin closely misses the ice beast.
You feel better. The ice beast barely misses you.
Lews Therin closely misses the ice beast.
Fire: a) +0 shortbow
Press: ? - help, Q - select action Shift-Dir - straight line, f/p - ice beast
Aim: an ice beast (severely wounded, ally target, 69% to hit)
You shoot an arrow. The arrow hits the ice beast!
You kill the ice beast!
Your Dodging skill increases to level 4!
There is a stone staircase leading up here.
You start resting.
A scorpion comes into view.
You fly upwards.
There is a stone staircase leading down here.
You start resting.
You are starting to lose your buoyancy.
You start resting.
You float gracefully downwards.
You start resting.
You feel a little less clever now.
You start resting.
You climb downwards.
There is a stone staircase leading up here.
You swap places.
Lews Therin barely misses the scorpion.
You shoot an arrow. The arrow hits the scorpion.
Lews Therin barely misses the scorpion.
The scorpion completely misses you.
You shoot an arrow.
The arrow hits the scorpion but does no damage.
Lews Therin closely misses the scorpion.
The scorpion closely misses you.
You shoot an arrow. The arrow closely misses the scorpion.
Lews Therin barely misses the scorpion.
The scorpion stings you but does no damage.
Lews Therin closely misses the scorpion.
You shoot an arrow. The arrow closely misses the scorpion.
The scorpion stings you but does no damage. x2
Lews Therin hits the scorpion.
You shoot an arrow. The arrow closely misses the scorpion.
The scorpion stings you.
You are poisoned.
The scorpion poisons you!
Lews Therin hits the scorpion.
You shoot an arrow. The arrow closely misses the scorpion.
You feel very sick. The scorpion closely misses you.
Lews Therin closely misses the scorpion.
The scorpion stings you.
You shoot an arrow. The arrow barely misses the scorpion.
You feel sick.
Lews Therin hits the scorpion but does no damage.
The scorpion stings you.
You shoot an arrow. The arrow hits the scorpion.
You feel sick. The scorpion closely misses you.
Lews Therin completely misses the scorpion.
The scorpion stings you.
You are lethally poisoned!
The scorpion poisons you!
You are too injured to fight recklessly!
* * * LOW HITPOINT WARNING * * *
You feel very sick.
Lews Therin hits the scorpion.
It was a potion of might.
You feel very mighty all of a sudden.
* * * LOW HITPOINT WARNING * * *
You feel very sick.
Lews Therin barely misses the scorpion.
The scorpion closely misses you.
It was a potion of lignification.
You turn into a tree.
Your +0 cloak melds into your body.
Your +1 helmet melds into your body.
Your +0 pair of gloves melds into your body.
Your +0 pair of boots melds into your body.
Your +0 leather armour melds into your body.
Your roots penetrate the ground.
* * * LOW HITPOINT WARNING * * *
You feel very sick.
Lews Therin closely misses the scorpion.
The scorpion stings you but does no damage.
You die...

#.. #[......# #..
##.....###
####.##......###
#..............#
.###...>.$.##....
#.......# ####
#R......#
#s.....##
#♣.....##
#.......#
#<......#
#............#
#.#####.....##
##.....# .#.#.#
.#(#.# .> #


You could see the friendly Lews Therin the ancestor and a scorpion (ally
target).

Vanquished Creatures
  An ice beast (D:5)
  Robin (D:2)
  A gnoll (D:1)
  3 adders (D:4)
  A shadow imp (D:7)
  A white imp (D:7)
  A worm (D:2)
  2 dart slugs (D:2)
  3 ball pythons
  5 endoplasms
  6 giant cockroaches
  14 goblins
  11 hobgoblins
  4 jackals (D:2)
  3 kobolds
  A quokka (D:2)
  4 bats (D:1)
  2 rats
64 creatures vanquished.

Notes
Turn   | Place    | Note
-------+----------+-------------------------------------------
     0 | D:1      | RKaid the Deep Elf Hunter began the quest for the Orb.
     0 | D:1      | Reached XP level 1. HP: 12/12 MP: 3/3
   160 | D:1      | Found a faded altar of an unknown god.
   323 | D:1      | Reached XP level 2. HP: 17/17 MP: 4/4
   654 | D:1      | Reached skill level 3 in Dodging
   667 | D:1      | Reached skill level 2 in Fighting
   667 | D:1      | Reached skill level 6 in Ranged Weapons
   759 | D:2      | Reached XP level 3. HP: 21/21 MP: 5/5
  1003 | D:2      | Noticed Robin
  1009 | D:2      | Killed Robin
  1023 | D:2      | Reached XP level 4. HP: 16/26 MP: 6/6
  1852 | D:3      | Identified the +1 hammer of the Gazing Oracle {venom,
                  | Contam rPois rCorr MP+9}
  1861 | D:3      | Found a runed translucent door.
  1862 | D:3      | Noticed Crazy Yiuf
  2182 | D:4      | Found a staircase to the Ecumenical Temple.
  2192 | Temple   | Entered the Ecumenical Temple
  2202 | Temple   | Became a worshipper of Hepliaklqana the Forgotten
  2450 | D:4      | You fall into a shaft and drop 3 floors!
  2471 | D:7      | Reached skill level 7 in Ranged Weapons
  2497 | D:6      | Noticed a scorpion
  2598 | D:6      | HP: 4/27 [gnoll/+0 halberd (12)]
  2616 | D:5      | Entered Level 5 of the Dungeon
  2616 | D:5      | Noticed an ice beast
  2921 | D:4      | Reached * piety under Hepliaklqana
  2928 | D:4      | Reached XP level 5. HP: 27/27 MP: 7/7
  3061 | D:4      | Found Zin's Purification Station.
  3064 | D:4      | Found a glowing silver altar of Zin.
  3384 | D:5      | HP: 4/27 [ice beast (5)]
  3387 | D:5      | HP: 1/27 [ice beast (7)]
  3389 | D:5      | Killed an ice beast
  3390 | D:5      | Reached skill level 4 in Dodging
  3601 | D:5      | HP: 6/28 [poisoned by a scorpion]
  3603 | D:5      | HP: 2/42 [poisoned by a scorpion]
  3604 | D:5      | Succumbed to a scorpion's poison

Illustrated notes

Levels and vault maps discovered:
D:1:      psy_arrival_spokes, layout_basic, hellmonk_ecumenical_altar_run_dry
D:2:      layout_loops_ring, uniq_robin
D:3:      layout_loops_ring, minmay_misc_feat_columns, uniq_crazy_yiuf_cottage
D:4:      layout_cave_pods, zin_purify, minmay_temple_entry_nine_rooms,
          lemuel_old_faithful
D:5:      layout_rooms, minmay_fractal_squares_gapless_5, uniq_prince_ribbit1
D:6:      layout_basic, ebering_dispersal_statue_hall, minmay_starry_boxes
D:7:      layout_gridville, serial_glass, glass_columns_a, glass_columns_c
Temple:   nicolae_temple_no_exploring_needed

Skill      XL: |  1  2  3  4  5 |
---------------+----------------+-----
Dodging        | 3 4 |  4.1
Fighting       | 2 |  2.8
Ranged Weapons | 6 7 |  7.6
Stealth        | |  1.2

Action                   |  1- 3 |  4- 6 || total
-------------------------+-------+-------++-------
 Fire: Shortbow          |    74 |    74 ||   148
Invok: Ancestor Identity |       |     1 ||     1
  Use: Scroll            |       |     7 ||     7
       Potion            |       |     8 ||     8
Armor: Leather armour    |     3 |     8 ||    11
       Skin              |       |     1 ||     1
Dodge: Dodged            |    13 |    26 ||    39

Table legend: (Time is in decaauts)
 A = Elapsed time spent in this place.
 B = Non-inter-level travel time spent in this place.
 C = Inter-level travel time spent in this place.
 D = Time resting spent in this place.
 E = Time spent auto-exploring this place.
 F = Levels seen in this place.
 G = Mean time per level.
                   A        B        C        D        E       F      G
               +--------+--------+--------+--------+--------+-----+--------+
         Total |   3627 |   3464 |    163 |    427 |   2422 |   8 |  453.4 |
       Dungeon |   3608 |   3460 |    148 |    427 |   2422 |   7 |  515.4 |
        Temple |     18 |      3 |     15 |      0 |      0 |   1 |   18.0 |
               +--------+--------+--------+--------+--------+-----+--------+

Top non-repeatable levels by time:
     D:4: 1141 daAuts
     D:2: 863 daAuts
     D:1: 771 daAuts
     D:3: 606 daAuts
     D:6: 115 daAuts
     D:5: 63 daAuts
     D:7: 48 daAuts
  Temple: 18 daAuts

Table legend:
 A = Kills in this place as a percentage of kills in entire the game.
 B = Kills by you in this place as a percentage of kills by you in the entire game.
 C = Kills by friends in this place as a percentage of kills by friends in the entire game.
 D = Other kills in this place as a percentage of other kills in the entire game.
 E = Experience gained in this place as a percentage of experience gained in the entire game.
 F = Experience gained in this place divided by the number of levels of this place that you have seen.
                   A       B       C       D       E      F
               +-------+-------+-------+-------+-------+----------------------
         Total | 100.0 | 100.0 |   N/A |   N/A | 100.0 |  42.2
       Dungeon | 100.0 | 100.0 |   N/A |   N/A | 100.0 |  48.3
               +-------+-------+-------+-------+-------+----------------------
